 Dungeon Crawl Stone Soup version 0.28-a0-616-gdeb3d7f7b4 (webtiles) character file.

Game seed: 17093710381109758791

5111 KristoblXynda the Carver (level 10, -12/79 HPs)
             Began as a Red Draconian Gladiator on Oct 6, 2021.
             Was an Elder of Okawaru.
             Mangled by Erica (16 damage)
             ... on level 10 of the Dungeon.
             The game lasted 00:13:30 (10439 turns).

KristoblXynda the Carver (Red Draconian Gladiator) Turns: 10439, Time: 00:13:30

Health: -12/79     AC: -4    Str: 18    XL:     10   Next: 32%
Magic:  13/13      EV: 18    Int: 11    God:    Okawaru [****..]
Gold:   350        SH: 10    Dex: 12    Spells: 10/13 levels left

rFire   + . .      SeeInvis .   x - +0 scimitar
rCold   . . .      Faith    .   h - +0 buckler
rNeg    . . .      Spirit   .   (armour unavailable)
rPois   +          Reflect  +   b - +0 hat
rElec   .          Harm     .   (no cloak)
rCorr   .          Rampage  .   (no gloves)
Will    .....                   s - +0 pair of boots
Stlth   +.........              f - amulet of reflection
HPRegen 0.23/turn               m - ring of poison resistance
MPRegen 0.13/turn               w - +4 ring of evasion

@: corroded
A: breathe fire, AC +7, unfitting armour, fire resistance 1, cold-blooded
a: Breathe Fire, Renounce Religion, Heroism, Finesse


You were on level 10 of the Dungeon.
You worshipped Okawaru.
Okawaru was greatly pleased with you.
You visited 2 branches of the dungeon, and saw 11 of its levels.
You also visited: Ossuary.

You collected 350 gold pieces.

Inventory:

Hand Weapons
 x - a +0 scimitar (weapon)
Missiles
 c - 4 throwing nets (quivered)
Armour
 b - a +0 hat (worn)
 h - a +0 buckler (worn)
 s - a +0 pair of boots (worn)
Jewellery
 f - an amulet of reflection (around neck)
 m - a ring of poison resistance (left hand)
 w - a +4 ring of evasion (right hand)
 y - a ring of magical power
Wands
 r - a wand of digging (3)
Scrolls
 a - a scroll of acquirement {unknown}
 g - 3 scrolls of teleportation
 i - a scroll of amnesia {unknown}
 j - a scroll of enchant weapon {unknown}
 o - 3 scrolls of magic mapping {unknown}
 t - a scroll of immolation
 v - a scroll of blinking {unknown}
 B - a scroll of enchant armour {unknown}
Potions
 d - 5 potions of flight
 k - 2 potions of haste
 l - 3 potions of attraction
 n - 2 potions of mutation
 u - a potion of lignification
 A - a potion of resistance


   Skills:
 - Level 4.2 Fighting
 * Level 10.8 Long Blades
 - Level 2.0 Throwing
 + Level 7.2 Dodging
 - Level 4.1 Shields
 - Level 2.0 Spellcasting
 - Level 5.2 Invocations
 + Level 3.1 Evocations


You had 10 spell levels left.
You knew the following spells:

 Your Spells              Type           Power      Damage    Failure   Level
a - Swiftness             Air            1%         N/A       65%         3

Your spell library contained the following spells:

 Spells                   Type           Power      Damage    Failure   Level
 Corpse Rot               Necr/Air       N/A        N/A       41%         2
 Passwall                 Tmut/Erth      0%         N/A       41%         2
 Poisonous Vapours        Pois/Air       2%         N/A       41%         2
 Dazzling Flash           Conj/Hex       2%         N/A       65%         3
 Inner Flame              Hex/Fire       1%         N/A       65%         3
 Portal Projectile        Hex/Tloc       2%         N/A       65%         3
 Leda's Liquefaction      Hex/Erth       0%         N/A       96%         4
 Agony                    Necr           1%         N/A       100%        5
 Silence                  Hex/Air        0%         N/A       100%        5
 Invisibility             Hex            0%         N/A       100%        6
 Call Canine Familiar     Summ           Unusable   N/A       N/A         3
 Summon Guardian Golem    Hex/Summ       Unusable   N/A       N/A         3

Dungeon Overview and Level Annotations

Branches:
Dungeon (10/15)            Temple (1/1) D:5         Ossuary (visited)
   Lair: D:8-11         Orc: D:9-12

Altars:
Ashenzari
Cheibriados
Dithmenos
Elyvilon
Fedhas
Gozag
Hepliaklqana
Kikubaaqudgha
Makhleb
Nemelex Xobeh
Okawaru
Qazlal
Ru
Sif Muna
Trog
Uskayaw
Vehumet
Wu Jian
Xom
Yredelemnul
Zin
The Shining One

Shops:
D:2 *   D:6 (

Annotations:
D:10 Erica


Innate Abilities, Weirdness & Mutations

You can breathe blasts of fire.
Your fiery red scales are hard. (AC +7)
You cannot fit into any form of body armour.
Your flesh is heat resistant. (rF+)
You are cold-blooded and may be slowed by cold attacks.


Message History

Okay, then.
You bump into the metal wall.
You feel sick.
You hear some strange, mumbled words.
You are more confused.
You bump into the metal wall.
You feel sick. Something hits you!
* * * LOW HITPOINT WARNING * * *
Something burns you.
* * * LOW HITPOINT WARNING * * *
Unknown command.
You feel much better.
You feel sick. Something closely misses you.
Unknown command.
You feel sick.
You feel sick.
Erica appears from thin air!
Reactivating autopickup.
You bump into the metal wall.
You feel sick.
Erica hits you with a +4 scimitar of flaming!
* * * LOW HITPOINT WARNING * * *
Erica burns you.
* * * LOW HITPOINT WARNING * * *
Your magical contamination has completely faded away.
Unknown command.
You are too confused!
Unknown command.
You feel sick.
You are no longer poisoned.
You bump into the metal wall.
Erica hits you with a +4 scimitar of flaming!
* * * LOW HITPOINT WARNING * * *
Erica burns you.
* * * LOW HITPOINT WARNING * * *
Unknown command.
You bump into the metal wall.
Erica completely misses you.
Erica mumbles some strange words.
Erica flickers and vanishes!
Deactivating autopickup; reactivate with Ctrl-A.
Something barely misses you.
You bump into the metal wall.
You feel less confused. Something hits you!
You die...

#...# #...################
####### #..................#
##.....# #..................#
.......###..................#####
.................................
####'#...........#####.....<.^>..
...).#.....#####.# #...........
.<...#.....# #@# #.........##
.....#.....# #{# #.........#
######.....# #.# #.......D.#
...........# #.# #.........#
...........# #.# #.........#
...........# #.# #.#####...#
...........# #.# ...........# #.#
...........# #.#####.#


There were no monsters in sight!

Vanquished Creatures
  Harold (D:8)
  A deep elf zephyrmancer (D:6)
  A gargoyle (D:8)
  A wraith (D:10)
  Grum (D:8)
  2 steam dragons (D:8)
  2 acid dragons
  An orc warrior (D:6)
  A hornet zombie (D:8)
  5 ogres
  An ice beast (D:6)
  2 black bears
  A necrophage (D:6)
  4 wolves (D:8)
  A kobold brigand (D:8)
  2 bullfrogs
  A gnoll sergeant (D:5)
  A scorpion (D:7)
  11 killer bees
  2 howler monkeys (D:8)
  A centaur zombie (Ossuary)
  2 hounds
  3 human zombies (Ossuary)
  A gnoll shaman (D:6)
  2 orc priests
  2 iguanas
  2 jellies (D:6)
  3 orc wizards
  A killer bee zombie (D:5)
  5 mummies (Ossuary)
  2 hound skeletons
  A howler monkey zombie (D:9)
  13 gnolls
  5 adders
  3 white imps
  2 worms
  2 dart slugs (D:1)
  18 orcs
  11 ball pythons
  6 endoplasms
  A giant cockroach (D:1)
  5 hobgoblins
  9 jackals
  14 kobolds
  2 quokkas
  5 bats
  2 frilled lizards
  2 goblins
  3 kobold zombies (Ossuary)
  An orc zombie (Ossuary)
  4 rats
175 creatures vanquished.

Vanquished Creatures (others)
  A kobold (D:8)
1 creature vanquished.

Grand Total: 176 creatures vanquished

Notes
Turn   | Place    | Note
-------+----------+-------------------------------------------
     0 | D:1      | KristoblXynda the Draconian Gladiator began the quest for
                  | the Orb.
     0 | D:1      | Reached XP level 1. HP: 17/17 MP: 1/1
   431 | D:1      | Reached XP level 2. HP: 21/25 MP: 2/2
   982 | D:1      | Reached XP level 3. HP: 16/30 MP: 3/3
  2200 | D:2      | Found Itieg's Assorted Antiques.
  2357 | D:2      | Reached XP level 4. HP: 13/38 MP: 4/4
  2684 | D:3      | Reached skill level 4 in Long Blades
  2748 | D:3      | Noticed an ogre
  2757 | D:3      | Killed an ogre
  2758 | D:3      | Reached XP level 5. HP: 45/45 MP: 5/5
  2973 | D:3      | Reached skill level 5 in Long Blades
  3165 | D:3      | Reached XP level 6. HP: 44/52 MP: 6/6
  3653 | D:4      | Learned a level 3 spell: Swiftness
  3670 | D:4      | Found a shimmering blue altar of Sif Muna.
  4140 | D:4      | Reached skill level 1 in Spellcasting
  4140 | D:4      | Your scales start taking on a fiery red colour.
  4140 | D:4      | Reached XP level 7. HP: 14/59 MP: 8/8
  4140 | D:4      | Gained mutation: Your flesh is heat resistant. (rF+) [Red
                  | Draconian growth]
  4142 | D:4      | Reached skill level 6 in Long Blades
  4703 | D:5      | Entered Level 5 of the Dungeon
  5083 | D:5      | Found a staircase to the Ecumenical Temple.
  5093 | Temple   | Entered the Ecumenical Temple
  5380 | Temple   | Became a worshipper of Warmaster Okawaru
  6293 | D:6      | Reached skill level 7 in Long Blades
  6293 | D:6      | Reached skill level 1 in Invocations
  6433 | D:6      | Reached skill level 5 in Dodging
  6433 | D:6      | Reached skill level 1 in Shields
  6433 | D:6      | Reached XP level 8. HP: 33/66 MP: 11/11
  6861 | D:6      | Found Eturorul's Weapon Shop.
  6925 | D:6      | Noticed a deep elf zephyrmancer
  6929 | D:6      | Killed a deep elf zephyrmancer
  6929 | D:6      | Reached * piety under Okawaru
  6930 | D:6      | Reached skill level 8 in Long Blades
  7577 | D:7      | Reached XP level 9. HP: 67/71 MP: 12/12
  7590 | D:7      | Found a sand-covered staircase.
  7599 | Ossuary  | Entered an ossuary
  7719 | Ossuary  | Reached ** piety under Okawaru
  8285 | D:7      | Got the Grimoire of the Warped Oath
  8569 | D:8      | Noticed Grum
  8579 | D:8      | Killed Grum
  8580 | D:8      | Reached skill level 9 in Long Blades
  9250 | D:8      | Noticed a gargoyle
  9261 | D:8      | Killed a gargoyle
  9261 | D:8      | Reached *** piety under Okawaru
  9262 | D:8      | Reached skill level 5 in Invocations
  9315 | D:8      | Noticed Harold
  9344 | D:8      | Killed Harold
  9344 | D:8      | Received a gift from Okawaru
  9345 | D:8      | Reached skill level 10 in Long Blades
  9345 | D:8      | Reached skill level 1 in Evocations
  9345 | D:8      | Reached XP level 10. HP: 50/79 MP: 13/13
  9845 | D:8      | You fall into a shaft and drop 2 floors!
  9845 | D:10     | Entered Level 10 of the Dungeon
 10300 | D:9      | You fall into a shaft and drop 1 floor!
 10338 | D:10     | Reached **** piety under Okawaru
 10382 | D:10     | Noticed Erica
 10435 | D:10     | HP: 3/79 [Erica (3)]
 10439 | D:10     | Mangled by Erica

Illustrated notes

Levels and vault maps discovered:
D:1:      lemuel_arrival_cross, layout_basic
D:2:      layout_rooms, serial_shops, nicolae_shop_behind_doors
D:3:      layout_rooms
D:4:      layout_loops_ring, led_sif_pool, chequers_serial_rivers_large_b,
          amcnicky_mini_rare_corridor_liquid
D:5:      layout_basic, minmay_temple_entry_stoned_glass
D:6:      layout_basic, serial_shops, nicolae_diamond_shop,
          guppyfry_early_elven_hall
D:7:      layout_cave_pools, lightli_ossuary_entry_decrepit_ruins,
          lemuel_flame_loot_1
D:8:      layout_basic, uniq_grum, uniq_harold
D:9:      layout_layer_cave, uniq_pikel
D:10:     minmay_weird_star, layout_irregular_city, david_lair_shrubbed,
          minmay_rotating_lava, uniq_erica, uniq_josephine
Temple:   roderic_octagonal_lattice_temple

Skill      XL: |  1  2  3  4  5  6  7  8  9 10 |
---------------+-------------------------------+-----
Throwing       | 2 |  2.0
Dodging        | 3 4 5 6 7 |  7.2
Fighting       | 3 4 |  4.2
Long Blades    | 4 5 7 8 10 | 10.8
Spellcasting   | 1 2 |  2.0
Invocations    | 1 3 5 |  5.2
Shields        | 1 3 4 |  4.1
Evocations     | 1 3 |  3.1

Action                   |  1- 3 |  4- 6 |  7- 9 | 10-12 || total
-------------------------+-------+-------+-------+-------++-------
Melee: Long sword        |   142 |   136 |   111 |       ||   389
       Tailslap          |    13 |    16 |    45 |    14 ||    88
       Scimitar          |       |       |   237 |   107 ||   344
Throw: Throwing net      |       |     1 |       |       ||     1
 Abil: Breathe Fire      |       |       |    13 |     4 ||    17
  Use: Potion            |       |     2 |     1 |     8 ||    11
       Scroll            |       |       |     5 |     2 ||     7
 Stab: Sleeping          |     1 |       |       |       ||     1
       Distracted        |       |       |     1 |       ||     1
Armor: Skin              |    48 |    58 |    65 |    22 ||   193
Dodge: Dodged            |   133 |   110 |   252 |    99 ||   594
Block: Buckler           |       |       |   145 |    56 ||   201
       Reflection        |       |       |     1 |     1 ||     2

Table legend: (Time is in decaauts)
 A = Elapsed time spent in this place.
 B = Non-inter-level travel time spent in this place.
 C = Inter-level travel time spent in this place.
 D = Time resting spent in this place.
 E = Time spent auto-exploring this place.
 F = Levels seen in this place.
 G = Mean time per level.
                   A        B        C        D        E       F      G
               +--------+--------+--------+--------+--------+-----+--------+
         Total |  10501 |  10236 |    265 |   3324 |   5175 |  12 |  875.1 |
       Dungeon |   9697 |   9471 |    226 |   3029 |   4932 |  10 |  969.7 |
        Temple |    305 |    266 |     39 |      0 |    243 |   1 |  305.0 |
       Ossuary |    497 |    497 |      0 |    295 |      0 |   1 |  497.0 |
               +--------+--------+--------+--------+--------+-----+--------+

Top non-repeatable levels by time:
     D:1: 1622 daAuts
     D:6: 1354 daAuts
     D:4: 1321 daAuts
     D:8: 1262 daAuts
     D:5: 1198 daAuts
     D:2: 1038 daAuts
     D:3: 796 daAuts
     D:7: 515 daAuts
 Ossuary: 497 daAuts
     D:9: 446 daAuts
  Temple: 305 daAuts
    D:10: 141 daAuts
